 Dungeon Sprint DCSS version 0.19.1 (webtiles) character file.

250 galech the Grappler (level 5, -1/59 HPs)
             Began as a Troll Monk on Dec 11, 2016.
             Slain by a merfolk
             ... wielding a +0 trident
              (15 damage)
             ... in the Dungeon (Sprint VII: "The Pits").
             The game lasted 00:00:56 (182 turns).

galech the Grappler (Troll Monk)                     Turns: 182, Time: 00:00:56

Health: -1/59      AC:  5    Str: 20    XL:     5   Next: 88%
Magic:  4/4        EV: 12    Int:  6    God:
Gold:   0          SH:  0    Dex: 12    Spells: 0 memorised, 4 levels left

rFire  . . .     SeeInvis .       - Unarmed
rCold  . . .     Gourm    +     a - +0 robe
rNeg   . . .     Faith    .     (no shield)
rPois  .         Spirit   .     (helmet restricted)
rElec  .         Reflect  .     (no cloak)
rCorr  .         Harm     .     (gloves unavailable)
MR     .....     NoTele   +     (boots unavailable)
Stlth  ++........               (no amulet)
                                (no ring)
                                (no ring)

@: no status effects
A: unfitting armour, claws 3, fast metabolism 3, gourmand, regeneration 1,
shaggy fur 1, tough skin 2
a: no special abilities


You were in the Dungeon.
You were full.

You visited 1 branch

Inventory:

Armour
 a - a +0 robe (worn)
Scrolls
 h - a scroll of blinking
Potions
 c - a potion of curing
 d - a potion of heal wounds
 e - a potion of haste
 f - 2 potions of magic
 g - a potion of berserk rage
Comestibles
 b - 2 bread rations


   Skills:
 + Level 5.8 Fighting
 + Level 6.1 Dodging
 + Level 1.6 Stealth
 + Level 8.2 Unarmed Combat


You had 4 spell levels left.
You didn't know any spells.

Dungeon Overview and Level Annotations

Branches:
Dungeon (1/1)

Altars:


Innate Abilities, Weirdness & Mutations

You are too large for most types of armour.
You have claws for hands.
Your metabolism is lightning-fast.
You like to eat raw meat.
Your natural rate of healing is unusually fast.
You are covered in fur. (AC +1)
You have very tough skin. (AC +2)


Message History

Eat one of 2 chunks of flesh? (ye/n/q)
You start eating one of the 2 chunks of flesh.
This raw flesh tastes great.
Eat a chunk of flesh? (ye/n/q)
You start eating the chunk of flesh.
This raw flesh tastes great.
You open the door.
An adder comes into view.
The adder bites you but does no damage. The adder barely misses you.
There is an open door here.
You mangle the adder!!
You kill the adder!
You open the door.
A merfolk comes into view. It is wielding a trident.
The merfolk hits you from afar with a trident!!
The merfolk hits you with a trident!!
* * * LOW HITPOINT WARNING * * *
There is an open door, spattered with blood here.
You barely miss the merfolk. The merfolk hits you with a trident!
You die...

#.#
#.......#
#.#
#.......#
#'#######
#.......#
#.......#
#########
#.......#
#...#...#
#).###..#+#
#...#...#m+
#.......#@#
#.......'.#
###########


You could see a merfolk.

Vanquished Creatures
  A floating eye (D)
  An ice beast (D)
  A jelly (D)
  A gnoll (D)
  An adder (D)
  An ufetubus (D)
  An ooze (D)
  A giant cockroach (D)
8 creatures vanquished.

Notes
Turn   | Place    | Note
-------+----------+-------------------------------------------
     0 | D        | galech the Troll Monk began the quest for the Orb.
     0 | D        | Reached XP level 1. HP: 22/22 MP: 0/0
    37 | D        | Noticed a floating eye
    37 | D        | Noticed an ice beast
    39 | D        | Noticed a jelly
    42 | D        | Reached skill level 4 in Unarmed Combat
    42 | D        | Reached XP level 2. HP: 26/31 MP: 1/1
    44 | D        | Killed a floating eye
    44 | D        | Reached skill level 5 in Dodging
    44 | D        | Reached skill level 6 in Unarmed Combat
    44 | D        | Reached XP level 3. HP: 28/40 MP: 2/2
    44 | D        | Reached XP level 4. HP: 34/49 MP: 3/3
    47 | D        | Reached skill level 7 in Unarmed Combat
    47 | D        | Reached XP level 5. HP: 25/55 MP: 4/4
    50 | D        | Reached skill level 5 in Fighting
    58 | D        | HP: 1/57 [ice beast (13)]
    59 | D        | Killed an ice beast
    59 | D        | Reached skill level 8 in Unarmed Combat
   180 | D        | Noticed a merfolk
   182 | D        | Slain by a merfolk

Skill      XL: |  1  2  3  4  5 |
---------------+----------------+-----
Fighting       | 3 4 5 |  5.8
Dodging        | 3 5 6 |  6.1
Unarmed Combat | 4 6 7 8 |  8.2
Stealth        | |  1.6

Action                   |  1- 3 |  4- 6 || total
-------------------------+-------+-------++-------
Melee: Unarmed           |     6 |    13 ||    19
       Punch             |       |     1 ||     1
  Eat: Chunk             |       |     3 ||     3
Armor: Robe              |     2 |    11 ||    13
Dodge: Dodged            |     7 |    12 ||    19
